[Event "Austria Championship Blitz 2024"]
[Site "Innsbruck"]
[Date "2024.06.01"]
[Round "10.10"]
[White "Tumanyan, Gor"]
[Black "Kienboeck, Benjamin"]
[Result "0-1"]
[ECO "B13"]
[WhiteElo "1992"]
[BlackElo "2187"]
[Annotator "RC"]
[PlyCount "64"]
[EventDate "2024.06.01"]
[EventType "swiss"]
[EventCountry "AUT"]
[SourceTitle "playchess.com"]
[Source "ChessBase"]
[SourceQuality "1"]
[TimeControl "180+2"]

1. e4 c6 2. d4 d5 3. exd5 cxd5 4. Nf3 Nf6 5. Ne5 Nc6 6. Bb5 Bd7 7. Nxd7 Qxd7 8. O-O e6 9. c3 Bd6 10. Nd2 a6 11. Bd3 Qc7 12. Nf3 Ne7 13. Bg5 Ng6 14. Rc1 Ne4 15. Qa4+ Kf8 16. Be3 f6 17. c4 Qd8 18. c5 Bc7 19. Rfd1 Kf7 20. Bxe4 dxe4 21. Nd2 Qd5 22. c6 b5 23. Qb3 f5 24. Rc5 Qxb3 25. Nxb3 Bd6 26. Rc2 Rac8 27. Na5 Rc7 28. Nb7 Ke7 29. Nxd6 Kxd6 30. Bf4+ Nxf4 31. g3 Nd5 32. a3 Rxc6 0-1

[Event "Austria Championship Blitz 2024"]
[Site "Innsbruck"]
[Date "2024.06.01"]
[Round "10.12"]
[White "Schranzhofer, Marco"]
[Black "Kranzl, Peter"]
[Result "1/2-1/2"]
[ECO "B17"]
[WhiteElo "1908"]
[BlackElo "2157"]
[Annotator "RC"]
[PlyCount "59"]
[EventDate "2024.06.01"]
[EventType "swiss"]
[EventCountry "AUT"]
[SourceTitle "playchess.com"]
[Source "ChessBase"]
[SourceQuality "1"]
[TimeControl "180+2"]

1. e4 c6 2. d4 d5 3. Nc3 dxe4 4. Nxe4 Nd7 5. Nf3 Ndf6 6. Ng3 g6 7. c3 Bg7 8. Be2 Nh6 9. Bxh6 Bxh6 10. O-O O-O 11. Re1 Nd5 12. Bc4 Be6 13. Bxd5 Bxd5 14. Qe2 Re8 15. h3 a5 16. h4 a4 17. a3 Qd6 18. Ng5 Bxg5 19. hxg5 Qf4 20. Qe3 Qg4 21. Rac1 b5 22. Qe5 Rac8 23. f3 Qd7 24. Ne4 Bxe4 25. Rxe4 Qd6 26. Rce1 Qxe5 27. Rxe5 e6 28. f4 Red8 29. Kf2 Rd5 30. Rxd5 1/2-1/2

[Event "Austria Championship Blitz 2024"]
[Site "Innsbruck"]
[Date "2024.06.01"]
[Round "10.13"]
[White "Blaas, Hansjoerg"]
[Black "Keferboeck, Jewgeni"]
[Result "1-0"]
[ECO "B92"]
[WhiteElo "2222"]
[BlackElo "1957"]
[Annotator "RC"]
[PlyCount "79"]
[EventDate "2024.06.01"]
[EventType "swiss"]
[EventCountry "AUT"]
[SourceTitle "playchess.com"]
[Source "ChessBase"]
[SourceQuality "1"]
[TimeControl "180+2"]

1. e4 c5 2. Nf3 d6 3. d4 cxd4 4. Nxd4 Nf6 5. Nc3 a6 6. Be2 e5 7. Nb3 Be7 8. O-O O-O 9. f3 Be6 10. Nd5 Nxd5 11. exd5 Bf5 12. Be3 Bg5 13. Bf2 Nd7 14. c4 Rc8 15. a4 Bg6 16. a5 f5 17. g3 f4 18. g4 e4 19. Bd4 e3 20. Rc1 Bh4 21. c5 Bf2+ 22. Kg2 dxc5 23. Nxc5 Nxc5 24. Bxc5 Rf7 25. d6 Rd7 26. Bc4+ Bf7 27. Bxf7+ Rxf7 28. Qd5 Qd7 29. b4 Kh8 30. Rfd1 e2 31. Kxf2 exd1=Q 32. Rxd1 h6 33. Re1 Re8 34. Rd1 Rd8 35. Rd4 Rdf8 36. Re4 Qc6 37. Qxc6 bxc6 38. d7 Rd8 39. Re8+ Rf8 40. Rxf8+ 1-0

[Event "Austria Championship Blitz 2024"]
[Site "Innsbruck"]
[Date "2024.06.01"]
[Round "10.14"]
[White "Casagrande, Harald"]
[Black "Erhard, Jakob"]
[Result "0-1"]
[ECO "A13"]
[WhiteElo "2290"]
[BlackElo "2057"]
[Annotator "RC"]
[PlyCount "96"]
[EventDate "2024.06.01"]
[EventType "swiss"]
[EventCountry "AUT"]
[SourceTitle "playchess.com"]
[Source "ChessBase"]
[SourceQuality "1"]
[TimeControl "180+2"]

1. c4 e6 2. b3 d5 3. Bb2 Nf6 4. g3 Nc6 5. Bg2 a5 6. Nc3 d4 7. Nb5 e5 8. e3 Bg4 9. f3 Bf5 10. e4 Bg6 11. d3 Bb4+ 12. Kf2 O-O 13. Ne2 Nb8 14. Rf1 c6 15. Na3 Nbd7 16. Nc2 Bc5 17. Kg1 Qc7 18. h3 Rfe8 19. f4 exf4 20. Nxf4 Rad8 21. Kh2 Ne5 22. Qe2 h5 23. Kh1 Qd7 24. a3 Ba7 25. b4 c5 26. bxc5 Bxc5 27. Bc1 b5 28. cxb5 Qxb5 29. Bd2 Qa6 30. a4 Rb8 31. Rab1 Nc6 32. Nxg6 fxg6 33. Bf4 Rxb1 34. Rxb1 Nd7 35. Rb5 Bb4 36. Nxb4 axb4 37. Qc2 Nce5 38. Bd2 Qf6 39. Bxb4 h4 40. g4 Qf4 41. Rb7 Re6 42. Be1 g5 43. Qf2 Qc1 44. a5 Rf6 45. Qe2 Nxd3 46. Qxd3 Qxe1+ 47. Kh2 Ne5 48. Qb3+ Kh7 0-1

[Event "Austria Championship Blitz 2024"]
[Site "Innsbruck"]
[Date "2024.06.01"]
[Round "10.15"]
[White "Zanon, Magnus"]
[Black "Khalakhan, Jurij"]
[Result "1-0"]
[ECO "D00"]
[WhiteElo "2092"]
[BlackElo "2175"]
[Annotator "RC"]
[PlyCount "45"]
[EventDate "2024.06.01"]
[EventType "swiss"]
[EventCountry "AUT"]
[SourceTitle "playchess.com"]
[Source "ChessBase"]
[SourceQuality "1"]
[TimeControl "180+2"]

1. d4 d5 2. Bg5 c6 3. Nf3 Bf5 4. e3 Qb6 5. Qc1 Nd7 6. Nbd2 e6 7. Bd3 Bg6 8. O-O Be7 9. Bf4 Ngf6 10. Ne5 Nxe5 11. dxe5 Nd7 12. Bxg6 hxg6 13. c4 Nc5 14. Qc2 Rd8 15. a3 a5 16. Rab1 a4 17. b4 axb3 18. Nxb3 Ne4 19. Nd4 Qa6 20. cxd5 exd5 21. e6 f6 22. f3 Nc5 23. Qxg6+ 1-0

[Event "Austria Championship Blitz 2024"]
[Site "Innsbruck"]
[Date "2024.06.01"]
[Round "10.16"]
[White "Kondrak, Christoph"]
[Black "Schwarz, Benedikt"]
[Result "1-0"]
[ECO "A85"]
[WhiteElo "1972"]
[BlackElo "1919"]
[Annotator "RC"]
[PlyCount "61"]
[EventDate "2024.06.01"]
[EventType "swiss"]
[EventCountry "AUT"]
[SourceTitle "playchess.com"]
[Source "ChessBase"]
[SourceQuality "1"]
[TimeControl "180+2"]

1. d4 f5 2. Nf3 Nf6 3. Bf4 g6 4. e3 Bg7 5. c4 d6 6. h3 O-O 7. Nc3 c6 8. Be2 Nbd7 9. Rc1 Nh5 10. Bh2 e5 11. O-O f4 12. b4 Qe7 13. c5 dxc5 14. bxc5 e4 15. Nd2 f3 16. gxf3 exf3 17. Bxf3 Qg5+ 18. Kh1 Qh4 19. Bxh5 gxh5 20. Nf3 Qxh3 21. Ng5 Qf5 22. Nge4 Nf6 23. Nd6 Qh3 24. f3 Nd5 25. Nxd5 cxd5 26. Qe2 Bd7 27. Qg2 Qe6 28. Rg1 Qf6 29. Be5 Qh4+ 30. Qh2 Qxh2+ 31. Kxh2 1-0

[Event "Austria Championship Blitz 2024"]
[Site "Innsbruck"]
[Date "2024.06.01"]
[Round "10.17"]
[White "Wimmer, Michael"]
[Black "Mira, Helene"]
[Result "1-0"]
[ECO "B07"]
[WhiteElo "2142"]
[BlackElo "2047"]
[Annotator "RC"]
[PlyCount "63"]
[EventDate "2024.06.01"]
[EventType "swiss"]
[EventCountry "AUT"]
[SourceTitle "playchess.com"]
[Source "ChessBase"]
[SourceQuality "1"]
[TimeControl "180+2"]

1. e4 d6 2. d4 Nf6 3. Nc3 c6 4. h3 Qa5 5. Bd2 Qb6 6. Nf3 Nbd7 7. Bd3 e5 8. Na4 Qc7 9. O-O b5 10. Nc3 Rb8 11. Ne2 g6 12. Ng3 Bg7 13. a4 b4 14. Re1 O-O 15. Qe2 a5 16. Bc4 Nb6 17. Bb3 Be6 18. Bxe6 fxe6 19. dxe5 dxe5 20. Be3 Nfd7 21. b3 c5 22. Rad1 c4 23. Qd2 Rfd8 24. Qd6 Qxd6 25. Rxd6 Kf7 26. Red1 Ke7 27. Ng5 cxb3 28. cxb3 Nxa4 29. bxa4 Nf8 30. Bc5 Rxd6 31. Bxd6+ Kd7 32. Bxb8+ 1-0

[Event "Austria Championship Blitz 2024"]
[Site "Innsbruck"]
[Date "2024.06.01"]
[Round "10.18"]
[White "Teuschler, Barbara"]
[Black "Muehlbacher, Bernhard"]
[Result "1-0"]
[ECO "B43"]
[WhiteElo "2040"]
[BlackElo "1960"]
[Annotator "RC"]
[PlyCount "54"]
[EventDate "2024.06.01"]
[EventType "swiss"]
[EventCountry "AUT"]
[SourceTitle "playchess.com"]
[Source "ChessBase"]
[SourceQuality "1"]
[TimeControl "180+2"]

1. e4 c5 2. Nf3 e6 3. Nc3 a6 4. d4 cxd4 5. Nxd4 Qc7 6. Be3 Bb4 7. Qd3 Nf6 8. Bd2 O-O 9. Be2 d5 10. exd5 e5 11. Nb3 Re8 12. Ne4 Bxd2+ 13. Nbxd2 Nxe4 14. Nxe4 f5 15. Ng5 e4 16. Qb3 Qd6 17. O-O-O Qf4+ 18. Kb1 Qxg5 19. h4 Qf6 20. h5 h6 21. g4 fxg4 22. Rhg1 b5 23. d6+ Kh8 24. Bxg4 Bxg4 25. Rxg4 Nd7 26. Rdg1 Rg8 27. Rg6 Qxf2 1-0

[Event "Austria Championship Blitz 2024"]
[Site "Innsbruck"]
[Date "2024.06.01"]
[Round "10.19"]
[White "Froewis, Annika"]
[Black "Neuschmied, Siegfried"]
[Result "0-1"]
[ECO "B07"]
[WhiteElo "2075"]
[BlackElo "2234"]
[Annotator "RC"]
[PlyCount "55"]
[EventDate "2024.06.01"]
[EventType "swiss"]
[EventCountry "AUT"]
[SourceTitle "playchess.com"]
[Source "ChessBase"]
[SourceQuality "1"]
[TimeControl "180+2"]

1. d4 Nf6 2. Bf4 g6 3. Nc3 Bg7 4. e4 d6 5. Qd2 c6 6. O-O-O Qa5 7. Kb1 Nbd7 8. h4 h5 9. Nf3 O-O 10. Ng5 e5 11. dxe5 dxe5 12. Be3 Ng4 13. Bc4 Nxe3 14. fxe3 Nf6 15. Qd6 Bg4 16. Rdf1 Qd8 17. Qb4 b5 18. Bb3 a5 19. Qc5 Rc8 20. Bxf7+ Rxf7 21. Nxf7 Kxf7 22. Qxe5 Qe7 23. Qf4 Kg8 24. e5 Nd5 25. Nxd5 cxd5 26. Qd4 Qxe5 27. Qxe5 Bxe5 28. Rf2 0-1

[Event "Austria Championship Blitz 2024"]
[Site "Innsbruck"]
[Date "2024.06.01"]
[Round "10.20"]
[White "Schnegg, Anna-Lena"]
[Black "Babinetz, Rainer"]
[Result "1-0"]
[ECO "A22"]
[WhiteElo "2124"]
[BlackElo "1967"]
[Annotator "RC"]
[PlyCount "121"]
[EventDate "2024.06.01"]
[EventType "swiss"]
[EventCountry "AUT"]
[SourceTitle "playchess.com"]
[Source "ChessBase"]
[SourceQuality "1"]
[TimeControl "180+2"]

1. c4 e5 2. Nc3 d6 3. g3 c6 4. Bg2 Nf6 5. e4 Be7 6. Nge2 Qc7 7. O-O O-O 8. b3 Nbd7 9. Bb2 b6 10. d4 Bb7 11. a4 a6 12. Re1 Rad8 13. d5 c5 14. Qd3 Rfe8 15. Nd1 Nf8 16. Ne3 Bc8 17. a5 Ng6 18. Bc3 b5 19. cxb5 axb5 20. Qxb5 Bd7 21. Qd3 Rb8 22. Reb1 Bb5 23. Nc4 Nd7 24. Qc2 Rf8 25. Ne3 Bg5 26. Nf5 Ne7 27. Bh3 g6 28. Nxe7+ Bxe7 29. Ra2 Nf6 30. Rba1 Ra8 31. Be1 Ra6 32. Nc3 Bd7 33. Bf1 Raa8 34. a6 Ng4 35. Bb5 f5 36. Bxd7 Qxd7 37. exf5 gxf5 38. Qe2 f4 39. f3 Ne3 40. Bf2 Nf5 41. Ne4 fxg3 42. hxg3 Nd4 43. Bxd4 cxd4 44. Kg2 Qf5 45. Rh1 Bg5 46. Rh3 Be3 47. Ra1 Rf7 48. b4 Rfa7 49. b5 Qd7 50. Qc4 Rc8 51. Qb3 d3 52. Nf6+ Kg7 53. Nxd7 Rxd7 54. Qxd3 Kg8 55. a7 Bxa7 56. Rah1 Rcc7 57. Rh4 Bd4 58. Rg4+ Kh8 59. Qf5 Rc2+ 60. Kh3 Rcc7 61. Qf8# 1-0

[Event "Austria Championship Blitz 2024"]
[Site "Innsbruck"]
[Date "2024.06.01"]
[Round "10.21"]
[White "Kummer, Helmut"]
[Black "Guba, Viktor"]
[Result "0-1"]
[ECO "E73"]
[WhiteElo "2212"]
[BlackElo "1891"]
[Annotator "RC"]
[PlyCount "42"]
[EventDate "2024.06.01"]
[EventType "swiss"]
[EventCountry "AUT"]
[SourceTitle "playchess.com"]
[Source "ChessBase"]
[SourceQuality "1"]
[TimeControl "180+2"]

1. d4 Nf6 2. c4 g6 3. Nc3 Bg7 4. e4 O-O 5. Be2 d6 6. Bg5 Na6 7. Qd2 e5 8. d5 Nc5 9. f3 a5 10. g4 h6 11. Be3 Nfd7 12. h4 Kh7 13. O-O-O Rh8 14. Nh3 Kg8 15. Nf2 b6 16. Kb1 Ba6 17. Rdg1 Rb8 18. Nfd1 Qc8 19. Bf2 c6 20. dxc6 Qxc6 21. Qxd6 Qxd6 0-1

[Event "Austria Championship Blitz 2024"]
[Site "Innsbruck"]
[Date "2024.06.01"]
[Round "10.22"]
[White "Hatzl, Johannes"]
[Black "Neubauer, Anton"]
[Result "1-0"]
[ECO "D00"]
[WhiteElo "2074"]
[BlackElo "1857"]
[Annotator "RC"]
[PlyCount "27"]
[EventDate "2024.06.01"]
[EventType "swiss"]
[EventCountry "AUT"]
[SourceTitle "playchess.com"]
[Source "ChessBase"]
[SourceQuality "1"]
[TimeControl "180+2"]

1. d4 d5 2. Bf4 e6 3. e3 a6 4. Bd3 Nc6 5. c3 Bd7 6. Nf3 f6 7. Nbd2 Qb8 8. e4 Nge7 9. O-O Ng6 10. Bg3 Bd6 11. e5 fxe5 12. Nxe5 Ngxe5 13. dxe5 Nxe5 14. Bxe5 1-0

[Event "Austria Championship Blitz 2024"]
[Site "Innsbruck"]
[Date "2024.06.01"]
[Round "11.1"]
[White "Blohberger, Felix"]
[Black "Schwabeneder, Florian"]
[Result "1-0"]
[ECO "B07"]
[WhiteElo "2506"]
[BlackElo "2405"]
[Annotator "RC"]
[PlyCount "70"]
[EventDate "2024.06.01"]
[EventType "swiss"]
[EventCountry "AUT"]
[SourceTitle "playchess.com"]
[Source "ChessBase"]
[SourceQuality "1"]
[TimeControl "180+2"]

1. d4 d6 2. e4 Nf6 3. Bd3 g6 4. Nf3 Bg7 5. O-O O-O 6. c3 Nc6 7. h3 Nd7 8. Be3 e5 9. Nbd2 h6 10. Nc4 a5 11. Qd2 Kh7 12. a4 b6 13. Rfe1 Ba6 14. Rad1 exd4 15. cxd4 Nb4 16. b3 d5 17. exd5 Nxd3 18. Qxd3 Nf6 19. d6 cxd6 20. d5 Nd7 21. Qb1 Nc5 22. Rc1 Re8 23. h4 Kg8 24. Nd4 Bxc4 25. Rxc4 Qxh4 26. Ne6 Qh5 27. Nc7 Rxe3 28. Rxe3 Rc8 29. Re8+ Rxe8 30. Nxe8 Qxd5 31. Nxg7 Kxg7 32. Qb2+ Kg8 33. Qc2 Qe5 34. Qd1 d5 35. Rd4 Nxb3 1-0

[Event "Austria Championship Blitz 2024"]
[Site "Innsbruck"]
[Date "2024.06.01"]
[Round "11.2"]
[White "Horvath, Dominik"]
[Black "Kruckenhauser, Arthur"]
[Result "1-0"]
[ECO "B14"]
[WhiteElo "2554"]
[BlackElo "2340"]
[Annotator "TA"]
[PlyCount "91"]
[EventDate "2024.06.01"]
[EventType "swiss"]
[EventCountry "AUT"]
[SourceTitle "playchess.com"]
[Source "ChessBase"]
[SourceQuality "1"]
[TimeControl "180+2"]

1. d4 Nf6 2. c4 c5 3. e3 cxd4 4. exd4 d5 5. Nc3 g6 6. Qb3 Bg7 7. cxd5 O-O 8. Nge2 Nbd7 9. Nf4 Nb6 {[%emt 0:00:01] B14: Caro-Kann: Panov-Botvinnik Attack with 5...e6 and 5...g6.} 10. h4 $5 {[%emt 0:00:03][%mdl 4] A promising side line.} Ne8 $146 ({Predecessor:} 10... Bf5 11. Be2 Qd7 12. f3 h5 13. Be3 Rfd8 14. Rg1 Kh7 15. Rd1 Rac8 16. Qa3 a6 17. Kf2 {1-0 Kurkin,S-Terentiev,A (2280) Kaluga Tsiolkovsky Memorial op 2003 (2)}) 11. h5 g5 12. h6 Bf6 13. Nh5 e6 $2 ({Black should try} 13... Bf5 $14) 14. Nxf6+ $18 Qxf6 15. Be3 (15. Rh5 $18 Qe7 16. Rxg5+ (16. Bxg5 f6 $18) 16... Kh8 17. Be2) 15... Nd6 (15... Qg6 $16 {was necessary.} 16. Be2 g4 17. dxe6 Bxe6) 16. Bd3 (16. Rh5 $18 {has better winning chances. And now Bd3 would win.} Re8 17. Rxg5+ Kh8 18. Be2) 16... Nf5 $2 (16... exd5 $16 17. Nxd5 Nxd5 18. Qxd5 Bf5) 17. Bxf5 $2 (17. Ne4 $18 Qg6 18. Rh5 (18. Nxg5 Nxd5 19. Bd2 Qf6 $18)) 17... Qxf5 (17... exf5 $11 {keeps the balance.} 18. f4 Re8) 18. Rh5 (18. dxe6 $16 Bxe6 19. Qb5) 18... f6 $11 19. d6 Kh8 20. Rh3 Bd7 21. Rf3 Qg6 22. d5 exd5 (22... e5 $5) 23. Bd4 ({Much worse is} 23. Nxd5 Nxd5 24. Qxd5 Bc6 $17) 23... Rae8+ (23... g4 $5 24. Re3 Qxh6 $14) 24. Kf1 Qxh6 25. Kg1 $1 g4 26. Rg3 (26. Re3 $14) 26... Qf4 27. Bxb6 (27. Nxd5 $2 {is the wrong capture.} Qxd4 28. Rd1 Qe5 $19) 27... axb6 28. Qxd5 Bc6 29. Qd3 Rd8 30. Rd1 Rd7 (30... Rfe8 $11) 31. Ne2 Qg5 {[%emt 0:00:06] [#]} (31... Qb4 $142) 32. Qc3 (32. Re3 $1 $16) 32... h5 {[%emt 0:00:03] [#]} 33. Rgd3 (33. Rd4 $1 $16) 33... h4 $11 34. Rd4 h3 35. Qg3 $2 (35. Rc4 $1 $11 {and White is okay.}) 35... f5 $2 ({Black should play} 35... hxg2 $19 36. Rc1 (36. Qxg4 {is a self mate.} Rh7) 36... Bf3 (36... Rh7 $2 37. Rxc6 bxc6 38. d7 $19)) 36. gxh3 $1 $14 Rg8 (36... Qh6 $14) 37. h4 (37. Kf1 $16) 37... Qf6 $14 38. Nf4 Rgg7 $2 (38... Re8 $14 39. Ng2 b5) 39. R4d2 $2 (39. Nh5 $18 Qe6 40. Nxg7 Kxg7 41. R4d3) 39... Qe5 $2 (39... Qh6 $14) 40. Nh5 $2 (40. Ng6+ $18 {is the precise move to win.} Rxg6 41. Qxe5+ Rgg7 42. Qxf5) 40... Qxg3+ (40... Qe4 $16 {was worth a try.} 41. Kh2 Rg6) 41. fxg3 $18 Rg6 42. Nf4 Rf6 43. Kf2 Bf3 44. Ne2 Re6 $2 (44... Kg7 {is a better chance.} 45. Rd4 Re6) 45. Nd4 $18 Rexd6 46. Nxf3 1-0

[Event "Austria Championship Blitz 2024"]
[Site "Innsbruck"]
[Date "2024.06.01"]
[Round "11.3"]
[White "Hengl, Philip"]
[Black "Shengelia, David"]
[Result "0-1"]
[ECO "B66"]
[WhiteElo "2173"]
[BlackElo "2465"]
[Annotator "TA"]
[PlyCount "88"]
[EventDate "2024.06.01"]
[EventType "swiss"]
[EventCountry "AUT"]
[SourceTitle "playchess.com"]
[Source "ChessBase"]
[SourceQuality "1"]
[TimeControl "180+2"]

1. e4 c5 2. Nf3 Nc6 3. d4 cxd4 4. Nxd4 Nf6 5. Nc3 d6 6. Bg5 e6 7. Qd2 Be7 8. O-O-O Nxd4 9. Qxd4 a6 10. f3 b5 11. Kb1 Bb7 12. h4 Rc8 {[%emt 0:00:16] The position is equal.} 13. h5 h6 14. Be3 Qc7 (14... d5 {is more complex.} 15. exd5 Nxd5 16. Nxd5 Bxd5 17. Qg4 Bg5) 15. Qb6 Qxb6 16. Bxb6 b4 17. Ne2 d5 18. e5 Nd7 19. Bd4 f6 (19... a5 $11) 20. exf6 $14 gxf6 21. Nf4 e5 (21... Nf8 $1 $14) 22. Ng6 $16 Rg8 (22... Rh7 $16) 23. Be3 $18 Nf8 24. Nxe7 (24. Bxh6 Nxg6 25. hxg6 Rxg6 $11) 24... Kxe7 25. Bxh6 Ne6 26. Be3 {[%emt 0:00:05] Dodges Nd4} d4 27. Bc1 e4 28. fxe4 (28. Re1 $18) 28... Bxe4 $16 29. Bxa6 (29. Rd2 Rxc2 30. Rxc2 Rc8 $17) (29. Bd3 $14 Bxd3 30. Rxd3 Rxg2 31. h6) 29... Bxc2+ $15 30. Ka1 Ra8 (30... Rc7 $5 31. Rd2 Ra8 32. Rxc2 Rxc2 $15) 31. Bb7 {[%emt 0:00:08] [#]} (31. Bc4 $1 $11 Bxd1 (31... Rxg2 $2 32. Rde1 $18) 32. Rxd1) 31... Ra7 $1 $36 {[%emt 0:00:08][%mdl 2048] Black has strong initiative. Black has more active pieces.} 32. Bd5 {[%emt 0:00:05][%cal Oh1e1] Rhe1! would now be deadly.} (32. Rd2 $2 b3 33. Rxc2 bxc2 $19) 32... Bxd1 33. Rxd1 Rd8 (33... Ra5 $1 $15 34. Bf3 b3) 34. Bb3 Nc5 35. Re1+ {[%emt 0:00:10] [#]} (35. Bc4 $11) 35... Kd7 ({Black should play} 35... Kd6 $1 $17 36. Bf4+ Kc6) 36. Kb1 $2 (36. Bc4 $11) 36... Nxb3 $19 37. axb3 {[%emt 0:00:01][%mdl 4096] Endgame. KRR-KRB} d3 {[%emt 0:00:04] ( -> ...Rda8)} 38. Rd1 (38. Bf4 {was necessary.}) 38... Ke6 {[%emt 0:00:02] White must now prevent ...Rda8.} 39. h6 (39. Bh6 $142 Ra5 40. g4) 39... Rda8 40. Rxd3 Ra1+ 41. Kc2 Rc8+ 42. Kd2 Raxc1 43. Rh3 R1c7 (43... R1c2+ $142 44. Ke3 Rxb2 (44... Rxg2 $2 45. Rh1 $19) 45. Kf4 Rxg2 46. Re3+ Kf7 47. Re4 Rf2+ 48. Kg3 Rf5 49. h7 Rb5 50. Kf2 Rh8 51. Rh4 Kg6 52. Ke3 Rxh7 53. Rg4+ Kf7 54. Rg2 Rh3+ 55. Ke4 Rh4+ (55... Rxb3 $2 56. Rg1 $19) 56. Kf3 Rf5+ 57. Ke3 Rc5 58. Rf2 Rc3+ 59. Kd2 Rh1 (59... Rxb3 {is a self mate.} 60. Kc2 Rhh3 61. Rd2 Rhc3+ 62. Kd1 Rb1+ 63. Ke2 b3 64. Kf2 Ra1 65. Ke2 Rh1 66. Rd7+ Kg6 67. Rd3 Rh2+ 68. Ke3 Rh3+ 69. Kf2 Rhxd3 70. Kf1 b2 71. Kg1 b1=Q+ 72. Kh2 Rd2#) (59... Rd4+ {gets mated.} 60. Ke1 Rxb3 61. Ra2 Ra3 62. Rc2 b3 63. Rc7+ Kg6 64. Rc8 Ra2 65. Rg8+ Kf7 66. Rh8 Rc4 67. Rd8 Rc1+ 68. Rd1 Rxd1+ 69. Kxd1 Rc2 70. Ke1 b2 71. Kf1 b1=Q#) 60. Rg2 Ra1 (60... Rxb3 {leads to mate.} 61. Kc2 Rhh3 62. Rd2 Rhc3+ 63. Kd1 Rd3 64. Rxd3 Rxd3+ 65. Kc2 Rc3+ 66. Kb2 Ke6 67. Ka1 Kd5 68. Ka2 Kc4 69. Kb2 Kd3 70. Kb1 Rb3+ 71. Ka2 Kc2 72. Ka1 Ra3#) 61. Re2 f5 (61... Rxb3 62. Kc2 Ra2+ 63. Kxb3 Rxe2 64. Kxb4 f5 65. Kc4 f4 66. Kd4 f3 67. Kd3 Kf6 68. Kd4 f2 69. Kc5 f1=Q 70. Kd4 Rd2+ 71. Kc3 Qc1+ 72. Kb3 Rb2+ 73. Ka4 Qa1#) 62. Re5 Ra2+ (62... Rxb3 $2 63. Kc2 $19) 63. Kd1 Rh3 (63... Rxb3 64. Kc1 Rf3 65. Kb1 b3 66. Re1 f4 67. Rh1 Rff2 68. Rh7+ Kf6 69. Rh1 Rfb2+ 70. Kc1 Rh2 71. Rxh2 Rxh2 72. Kb1 f3 73. Kc1 Ra2 74. Kd1 f2 75. Kc1 f1=Q#) 64. Rxf5+ Kg6 65. Re5 Rhh2 (65... Rxb3 66. Kc1 Rh2 67. Re6+ Kf5 68. Rd6 Rbb2 69. Rd5+ Ke4 70. Rd8 Rhc2+ 71. Kd1 b3 72. Re8+ Kf5 73. Rf8+ Ke6 74. Re8+ Kd7 75. Re7+ Kxe7 76. Ke1 Rc1#) 66. Re6+ Kf5 67. Re2 Rhxe2 68. Kc1 Re1#) 44. Rh4 Rh8 {[%emt 0:00:08] What a bad dream for White.   Weighted Error Value: White=0.76/Black=0.35.  Loses game:     	White=1     	---        Mistake:       	White=6     	Black=5      Inaccurate:     	White=2     	Black=2      OK:         	White=8     	Black=8      Best:        	White=2     	Black=5      Strong:       	---       	Black=1} 0-1

[Event "Austria Championship Blitz 2024"]
[Site "Innsbruck"]
[Date "2024.06.01"]
[Round "11.4"]
[White "Myagmarsuren, Mandukhai"]
[Black "Platzgummer, Fabian"]
[Result "1/2-1/2"]
[ECO "D25"]
[WhiteElo "2092"]
[BlackElo "2311"]
[Annotator "RC"]
[PlyCount "46"]
[EventDate "2024.06.01"]
[EventType "swiss"]
[EventCountry "AUT"]
[SourceTitle "playchess.com"]
[Source "ChessBase"]
[SourceQuality "1"]
[TimeControl "180+2"]

1. d4 d5 2. c4 dxc4 3. Nf3 Nf6 4. e3 Be6 5. Nc3 h6 6. e4 c6 7. Be2 Nbd7 8. O-O b5 9. d5 cxd5 10. exd5 Bg4 11. Nxb5 Nb6 12. d6 exd6 13. Bf4 Nfd5 14. Bg3 Be7 15. Bxc4 Bxf3 16. Qxf3 Nf6 17. Bb3 O-O 18. Rad1 d5 19. Nc7 Rc8 20. Nxd5 Nbxd5 21. Bxd5 Nxd5 22. Rxd5 Qb6 23. b3 Rc2 1/2-1/2

[Event "Austria Championship Blitz 2024"]
[Site "Innsbruck"]
[Date "2024.06.01"]
[Round "11.5"]
[White "Wohlfahrt, Herbert"]
[Black "Gschiel, Alexander"]
[Result "1/2-1/2"]
[ECO "A14"]
[WhiteElo "2328"]
[BlackElo "2355"]
[Annotator "RC"]
[PlyCount "162"]
[EventDate "2024.06.01"]
[EventType "swiss"]
[EventCountry "AUT"]
[SourceTitle "playchess.com"]
[Source "ChessBase"]
[SourceQuality "1"]
[TimeControl "180+2"]

1. Nf3 d5 2. c4 e6 3. g3 Nf6 4. Bg2 Be7 5. O-O O-O 6. b3 d4 7. e3 c5 8. exd4 cxd4 9. Re1 Nc6 10. Ba3 Re8 11. d3 a5 12. Bxe7 Qxe7 13. a3 Qc7 14. Nbd2 e5 15. Qc2 Bd7 16. Rab1 Qd6 17. c5 Qc7 18. b4 axb4 19. axb4 Nd5 20. b5 Ncb4 21. Qc4 Qa5 22. Nxe5 Bxb5 23. Qxd4 Nc2 24. Qxd5 Nxe1 25. Nxf7 Qa2 26. Qxa2 Rxa2 27. Bd5 Rxd2 28. Nd6+ Kf8 29. Nxe8 Bxe8 30. Rxe1 Rxd3 31. Bxb7 Rb3 32. c6 Rc3 33. Re6 Kf7 34. Rd6 Ke7 35. Rd4 Bxc6 36. Bxc6 Rxc6 37. Kg2 Rc2 38. g4 Kf6 39. Kg3 h6 40. Rd6+ Kf7 41. h4 Rc3+ 42. f3 Ra3 43. h5 Ra4 44. Rc6 Rb4 45. Rc3 Ra4 46. Re3 Rb4 47. Re4 Rb6 48. Kf4 Rf6+ 49. Ke3 Ra6 50. Rb4 Ra3+ 51. Kf4 Ra5 52. Re4 Kf6 53. Rc4 Kf7 54. Ke4 Kf6 55. Rd4 Re5+ 56. Kf4 Ra5 57. Rd6+ Kf7 58. Rb6 Ra4+ 59. Kg3 Ra3 60. Rd6 Rb3 61. Rd4 Ra3 62. Kf4 Rb3 63. Re4 Ra3 64. Re3 Ra4+ 65. Kf5 Ra5+ 66. Re5 Ra6 67. f4 Ra7 68. Rb5 Rc7 69. Ra5 Rb7 70. Ke5 Re7+ 71. Kf5 Rb7 72. Rd5 Ra7 73. g5 hxg5 74. fxg5 g6+ 75. hxg6+ Kg7 76. Re5 Ra6 77. Re7+ Kg8 78. Rf7 Ra5+ 79. Kg4 Ra1 80. Rb7 Rg1+ 81. Kf5 Rf1+ 1/2-1/2

[Event "Austria Championship Blitz 2024"]
[Site "Innsbruck"]
[Date "2024.06.01"]
[Round "11.6"]
[White "Kienboeck, Benjamin"]
[Black "Cafasso, Elia"]
[Result "1-0"]
[ECO "C89"]
[WhiteElo "2187"]
[BlackElo "2178"]
[Annotator "RC"]
[PlyCount "101"]
[EventDate "2024.06.01"]
[EventType "swiss"]
[EventCountry "AUT"]
[SourceTitle "playchess.com"]
[Source "ChessBase"]
[SourceQuality "1"]
[TimeControl "180+2"]

1. e4 e5 2. Nf3 Nc6 3. Bb5 a6 4. Ba4 Nf6 5. O-O Be7 6. Re1 b5 7. Bb3 O-O 8. c3 d5 9. exd5 Nxd5 10. Nxe5 Nxe5 11. Rxe5 c6 12. d4 Bd6 13. Re1 Qh4 14. g3 Qh3 15. Qf3 Bg4 16. Qg2 Qh5 17. Bxd5 cxd5 18. Be3 Bf3 19. Qf1 f5 20. Nd2 f4 21. Nxf3 fxe3 22. Rxe3 Rxf3 23. Qe2 Raf8 24. Rxf3 Qxf3 25. Qe6+ Qf7 26. Qxd6 Qxf2+ 27. Kh1 Qf3+ 28. Kg1 Qe3+ 29. Kh1 Qe4+ 30. Kg1 h5 31. Qe5 Qf3 32. Re1 h4 33. Qe6+ Kh8 34. Qe3 Qf5 35. Qe5 Qf2+ 36. Kh1 Qf3+ 37. Kg1 h3 38. Qe2 Qf5 39. Rf1 Qxf1+ 40. Qxf1 Rxf1+ 41. Kxf1 Kh7 42. Kf2 Kg6 43. Kf3 Kf5 44. g4+ Kf6 45. Kg3 Kg5 46. b4 Kf6 47. Kxh3 g5 48. Kg3 Kg6 49. h4 Kh6 50. hxg5+ Kxg5 51. Kf3 1-0